 Dungeon Crawl Stone Soup version 0.29-a0-286-g41199d4a87 (webtiles) character file.

Game seed: 4215428103539428555

3998 Dabor the Protected (level 10, -11/57 HPs)
             Began as a Gargoyle Fighter on Mar 16, 2022.
             Was a Believer of Hepliaklqana.
             Killed from afar by an acid dragon (36 damage)
             ... with a splash of acid
             ... on level 9 of the Dungeon.
             The game lasted 00:18:53 (11172 turns).

Dabor the Protected (Gargoyle Fighter)             Turns: 11172, Time: 00:18:53

Health: -11/57     AC: 18    Str: 26    XL:     10   Next: 23%
Magic:  10/10      EV: 19    Int:  9    God:    Hepliaklqana [**....]
Gold:   420        SH:  5    Dex: 19    Spells: 9/9 levels left

rFire   . . .      SeeInvis .   R - +3 morningstar
rCold   . . .      Faith    .   c - +0 buckler
rNeg    + . .      Spirit   .   p - +2 robe of the Snake Pit {Str+2 Dex+4}
rPois   ∞          Reflect  .   K - +0 helmet
rElec   +          Harm     .   M - +2 cloak
rCorr   .          Rampage  .   H - +0 pair of gloves
Will    .....                   (no boots)
Stlth   ++........              (no amulet)
HPRegen 0.19/turn               e - +6 ring of dexterity
MPRegen 0.12/turn               v - +4 ring of evasion

@: no status effects
A: reduced essence, sickness immunity, AC +7, negative energy resistance 1,
electricity resistance, torment resistance 1, petrification resistance
a: Renounce Religion, Recall Ancestor, Ancestor Identity


You were on level 9 of the Dungeon.
You worshipped Hepliaklqana.
Hepliaklqana was pleased with you.
You visited 2 branches of the dungeon, and saw 10 of its levels.
You also visited: Sewer.

You collected 420 gold pieces.

Inventory:

Hand Weapons
 a - a +0 flail
 R - a +3 morningstar (weapon)
Missiles
 j - 14 poisoned darts (quivered)
 k - 5 javelins
 A - 3 boomerangs of dispersal
Armour
 c - a +0 buckler (worn)
 p - the +2 robe of the Snake Pit (worn) {Str+2 Dex+4}
   (You found it on level 2 of the Dungeon)

   Str:       It affects your strength (+2).
   Dex:       It affects your dexterity (+4).
 H - a +0 pair of gloves (worn)
 K - a +0 helmet (worn)
 M - a +2 cloak (worn)
 O - the +1 scale mail "Dixuys" {rC- rN+++ Will- Regen+}
   (You found it on level 6 of the Dungeon)

   rC:        It makes you vulnerable to cold.
   rN:        It renders you almost immune to negative energy.
   Regen:     It increases your rate of health regeneration.
   Will:      It decreases your willpower.
Jewellery
 e - a +6 ring of dexterity (left hand)
 l - a ring of willpower
 o - an amulet of faith
 v - a +4 ring of evasion (right hand)
 N - a ring of see invisible
Wands
 m - a wand of polymorph (23)
 r - a wand of flame (13)
 B - a wand of digging (3)
 T - a wand of acid (4)
Scrolls
 b - a scroll of enchant armour {unknown}
 f - 4 scrolls of teleportation {unknown}
 g - 2 scrolls of holy word
 h - 2 scrolls of summoning
 n - 2 scrolls of noise
 s - 2 scrolls of immolation
 t - a scroll of silence {unknown}
 u - a scroll of blinking {unknown}
 w - 2 scrolls of vulnerability {unknown}
 y - 2 scrolls of enchant weapon {unknown}
 E - 2 scrolls of brand weapon {unknown}
 F - 5 scrolls of identify
 J - 2 scrolls of fear {unknown}
 U - a scroll of amnesia {unknown}
Potions
 d - a potion of attraction {unknown}
 i - 4 potions of curing {unknown}
 q - a potion of ambrosia {unknown}
 x - 2 potions of invisibility {unknown}
 z - a potion of heal wounds
 C - 2 potions of mutation {unknown}
 D - 3 potions of cancellation {unknown}
 G - 2 potions of haste {unknown}
 I - 2 potions of flight {unknown}
 L - a potion of degeneration {unknown}
 P - a potion of brilliance {unknown}
 Q - a potion of lignification {unknown}
 S - a potion of berserk rage {unknown}


   Skills:
 * Level 8.2 Fighting
 * Level 7.1 Maces & Flails
 + Level 4.1 Throwing
 * Level 8.2 Armour
 * Level 5.5 Dodging
 - Level 3.4 Shields


You had 9 spell levels left.
You didn't know any spells.
Your spell library contained the following spells:

 Spells                   Type           Power      Damage    Failure   Level
 Shock                    Conj/Air       0%         1d3       47%         1
 Call Canine Familiar     Summ           0%         N/A       85%         3
 Ozocubu's Armour         Ice            0%         N/A       85%         3
 Portal Projectile        Hex/Tloc       0%         N/A       85%         3
 Summon Guardian Golem    Hex/Summ       0%         N/A       85%         3
 Swiftness                Air            0%         N/A       85%         3
 Airstrike                Air            0%         N/A       99%         4
 Leda's Liquefaction      Hex/Erth       0%         N/A       99%         4
 Alistair's Intoxication  Tmut/Pois      0%         N/A       100%        5
 Borgnjor's Vile Clutch   Necr/Erth      0%         N/A       100%        5
 Eringya's Noxious Bog    Tmut/Pois      0%         N/A       100%        6
 Orb of Destruction       Conj           0%         9d5       100%        7
 Ozocubu's Refrigeration  Ice            0%         4d5       100%        7
 Spellforged Servitor     Conj/Summ      0%         N/A       100%        7


Dungeon Overview and Level Annotations

Branches:
Dungeon (9/15)             Temple (1/1) D:6           Sewer (visited)
   Lair: D:8-11         Orc: D:9-12

Altars:
Ashenzari
Cheibriados
Dithmenos
Elyvilon
Fedhas
Gozag
Hepliaklqana
Kikubaaqudgha
Makhleb
Nemelex Xobeh
Okawaru
Qazlal
Ru
Sif Muna
Trog
Uskayaw
Vehumet
Wu Jian
Xom
Yredelemnul
Zin
The Shining One

Shops:
D:2 [   D:5 !   D:7 [


Innate Abilities, Weirdness & Mutations

Your life essence is reduced to manifest your ancestor. (-10% HP)
You are immune to sickness and miasma.
Your stone body is resilient. (AC +7)
You are immune to poison.
You resist negative energy. (rN+)
You are resistant to electric shocks. (rElec)
You are resistant to unholy torment.
You are immune to petrification.


Message History

Found a mace and a scroll of identify.
F - 5 scrolls of identify (gained 1)
Found 5 boomerangs.
f - 4 scrolls labelled GEIQIY PIPS (gained 1)
You see here a +1 war axe of venom.
You swap places.
Things that are here:
5 boomerangs; 13 stones
T - a wand of acid (4)
Found a plate armour.
Found a scorched mace.
Found an escape hatch in the floor.
You swap places.
U - a scroll labelled HEYRCH EVEOGE
Found an escape hatch in the ceiling.
An acid dragon comes into view.
The acid dragon roars!
An acid dragon is nearby!
The acid dragon spits acid at you. The splash of acid hits you!!
Ouch! That really hurt!
You are too injured to fight recklessly!
You are too injured to fight recklessly!
You are too injured to fight recklessly!
You are too injured to fight recklessly!
You closely miss the acid dragon. The acid dragon barely misses you.
The acid dragon claws you but does no damage.
Sanele completely misses the acid dragon.
You block the acid dragon's attack. x2
You barely miss the acid dragon. The acid dragon misses you.
The acid dragon claws you.
Sanele casts a spell at the acid dragon.
The acid dragon resists with some effort.
You puncture the acid dragon!
The acid dragon is moderately wounded.
Sanele hits the acid dragon but does no damage.
Sanele drains the acid dragon.
The acid dragon spits acid at you. The splash of acid hits you!!!
Ouch! That really hurt!
You die...

#.#
#.# .#
#.# .#
#.# .#
#.# .#
#.# .#
#.# .#
#.##D#
#.#@R#
#.#.##
#.#.#
#...#
#####


You could see the friendly Sanele the hexer and an acid dragon (catching breath,
drained, ally target).

Vanquished Creatures
  2 steam dragons
  A sky beast (D:6)
  2 orc warriors (D:6)
  2 black bears
  An ice beast (D:7)
  2 ogres
  2 centaurs (D:8)
  2 kobold brigands (Sewer)
  3 bullfrogs
  2 necrophages
  2 scorpions
  8 wights
  9 killer bees
  An electric eel (D:7)
  A vampire bat (D:3)
  5 hounds
  3 jellies
  Crazy Yiuf (D:3)
  5 orc priests
  A gnoll shaman (D:7)
  Ijyb (D:4)
  3 iguanas
  5 orc wizards
  Terence (D:3)
  3 gnolls (D:7)
  11 river rats (Sewer)
  13 adders
  2 ufetubi
  A dart slug (D:2)
  3 fire bats (D:3)
  38 orcs
  2 spectral bats (D:3)
  3 bat skeletons (D:3)
  A bat zombie (D:3)
  8 endoplasms
  4 giant cockroaches
  3 goblins
  4 hobgoblins
  2 jackals (D:3)
  5 quokkas
  7 ball pythons
  17 bats
  A bat simulacrum (D:3)
  A frilled lizard (D:2)
  20 kobolds
  19 rats
233 creatures vanquished.

Vanquished Creatures (collateral kills)
  A komodo dragon (D:8)
  An orc (D:8)
2 creatures vanquished.

Vanquished Creatures (others)
  2 ancestors (D:8)
  2 bushes (D:9)
4 creatures vanquished.

Grand Total: 239 creatures vanquished

Notes
Turn   | Place    | Note
-------+----------+-------------------------------------------
     0 | D:1      | Dabor the Gargoyle Fighter began the quest for the Orb.
     0 | D:1      | Reached XP level 1. HP: 14/14 MP: 1/1
   646 | D:1      | Reached XP level 2. HP: 19/19 MP: 2/2
  1248 | D:2      | Found Neobem's Armour Emporium.
  1272 | D:2      | Reached XP level 3. HP: 15/23 MP: 3/3
  1294 | D:2      | Identified the +2 robe of the Snake Pit {Str+2 Dex+4}
  1471 | D:2      | Found a shimmering blue altar of Sif Muna.
  1974 | D:2      | Reached XP level 4. HP: 29/29 MP: 4/4
  2247 | D:3      | Reached skill level 1 in Dodging
  2431 | D:3      | Noticed Terence
  2453 | D:3      | Killed Terence
  2454 | D:3      | Reached skill level 1 in Throwing
  2704 | D:3      | Reached XP level 5. HP: 31/33 MP: 5/5
  3029 | D:3      | Found a runed translucent door.
  3030 | D:3      | Noticed Crazy Yiuf
  3398 | D:3      | Reached XP level 6. HP: 37/39 MP: 6/6
  3583 | D:3      | Killed Crazy Yiuf
  3834 | D:4      | Noticed Ijyb
  3845 | D:4      | Killed Ijyb
  3949 | D:4      | Found a glowing drain.
  3960 | Sewer    | Entered a sewer
  3986 | Sewer    | Reached XP level 7. HP: 37/44 MP: 7/7
  4136 | Sewer    | Reached skill level 5 in Armour
  4361 | Sewer    | Reached skill level 5 in Fighting
  5412 | D:4      | Found a snail-covered altar of Cheibriados.
  5513 | D:4      | Reached XP level 8. HP: 50/50 MP: 8/8
  6012 | D:5      | Entered Level 5 of the Dungeon
  6347 | D:5      | Found Jour's Distillery.
  6794 | D:6      | Identified the +1 scale mail "Dixuys" {rC- rN+++ Will-
                  | Regen+}
  6818 | D:6      | Found a staircase to the Ecumenical Temple.
  6911 | D:6      | Reached skill level 5 in Maces & Flails
  7657 | Temple   | Entered the Ecumenical Temple
  7783 | Temple   | Became a worshipper of Hepliaklqana the Forgotten
  7852 | D:7      | Reached XP level 9. HP: 50/56 MP: 9/9
  8787 | D:7      | Found Wanaer's Antique Armour Shop.
  8982 | D:7      | Reached * piety under Hepliaklqana
  9996 | D:8      | Noticed a komodo dragon
 10010 | D:8      | Killed a komodo dragon
 10011 | D:8      | Reached skill level 5 in Dodging
 10279 | D:8      | Reached XP level 10. HP: 19/57 MP: 10/10
 10855 | D:8      | Reached ** piety under Hepliaklqana
 10856 | D:8      | Remembered your ancestor Sanele as a hexer
 11172 | D:9      | Killed from afar by an acid dragon

Illustrated notes

Levels and vault maps discovered:
D:1:      denvon_arrival_planthouse, layout_basic, minmay_misc_feat_cross,
          grunt_decor_mini_mirrors
D:2:      layout_basic, serial_shops, nicolae_shop_stone, basic_altar
D:3:      layout_loops_ring, grunt_ministairs_8, goddamned_bats, uniq_terence,
          uniq_crazy_yiuf_cottage
D:4:      nicolae_cairo_tiling_large_dashed, layout_loops_ring,
          general_overflow_altar, gup_sewer_entry_bubbles, serial_bayou_pond_c,
          corexii_corridor_pit, uniq_ijyb
D:5:      layout_loops_ring, serial_shops, nicolae_shop_crystal
D:6:      layout_loops_ring, minmay_temple_entry_mini_moons
D:7:      layout_cave_pools, serial_park, serial_park_fountain,
          serial_park_square2, serial_park_tiny_2, serial_park_tiny_2,
          minmay_liquid_box, nicolae_inconvenience_store
D:8:      layout_basic
D:9:      minmay_klotski, layout_basic, gammafunk_ghost_grave,
          nicolae_straight_to_the_point, uniq_maggie, uniq_erolcha
Temple:   compressed_dpeg_circular_temple

Skill      XL: |  1  2  3  4  5  6  7  8  9 10 |
---------------+-------------------------------+-----
Dodging        | 1 2 3 4 5 |  5.5
Armour         | 4 5 6 7 8 |  8.2
Fighting       | 4 5 6 7 8 |  8.2
Throwing       | 1 2 3 4 |  4.1
Maces & Flails | 3 4 5 6 7 |  7.1
Shields        | |  3.4

Action                   |  1- 3 |  4- 6 |  7- 9 | 10-12 || total
-------------------------+-------+-------+-------+-------++-------
Melee: Flail             |   103 |   267 |   519 |    30 ||   919
       Morningstar       |       |       |       |    25 ||    25
Throw: Dart              |     2 |     5 |    18 |       ||    25
       Javelin           |       |     1 |    21 |       ||    22
Invok: Ancestor Life: He |       |       |       |     1 ||     1
  Use: Scroll            |       |     6 |       |       ||     6
       Potion            |       |     1 |     1 |       ||     2
 Stab: Sleeping          |       |       |     5 |     2 ||     7
       Distracted        |       |       |     1 |     1 ||     2
Armor: Scale mail        |    60 |   180 |       |       ||   240
       Robe              |       |    20 |   185 |    16 ||   221
Dodge: Dodged            |    57 |   304 |   543 |    64 ||   968
Block: Buckler           |    32 |   103 |   176 |    16 ||   327

Table legend: (Time is in decaauts)
 A = Elapsed time spent in this place.
 B = Non-inter-level travel time spent in this place.
 C = Inter-level travel time spent in this place.
 D = Time resting spent in this place.
 E = Time spent auto-exploring this place.
 F = Levels seen in this place.
 G = Mean time per level.
                   A        B        C        D        E       F      G
               +--------+--------+--------+--------+--------+-----+--------+
         Total |  11431 |  10865 |    566 |   1301 |   7082 |  11 | 1039.2 |
       Dungeon |  10052 |   9520 |    532 |    977 |   6512 |   9 | 1116.9 |
        Temple |    160 |    126 |     34 |      0 |     81 |   1 |  160.0 |
         Sewer |   1218 |   1218 |      0 |    324 |    488 |   1 | 1218.0 |
               +--------+--------+--------+--------+--------+-----+--------+

Top non-repeatable levels by time:
     D:8: 1788 daAuts
     D:3: 1770 daAuts
     D:6: 1352 daAuts
   Sewer: 1218 daAuts
     D:4: 1123 daAuts
     D:1: 1061 daAuts
     D:2: 1040 daAuts
     D:7: 961 daAuts
     D:5: 733 daAuts
     D:9: 220 daAuts
  Temple: 160 daAuts
